[Event "Titled Tuesday Blitz June 27 Late 2023"]
[White "Karttunen, Mika"]
[Black "Mazurkiewicz, Michal"]
[WhiteFideId "502081"]
[BlackFideId "1124943"]
[WhiteElo "2626"]
[BlackElo "2447"]
[Result "1-0"]
[Round "8"]
[TimeControl "180+2"]
[Date "2023.06.27"]
[WhiteClock "0:00:17"]
[BlackClock "0:00:02"]
[Board "81"]

1. e4 d6 2. d4 Nf6 3. Nc3 c6 4. f4 Qb6 5. e5 Nd5 6. Nxd5 cxd5 7. c3 Bf5 8. Qb3 Qxb3 9. axb3 Nc6 10. b4 e6 11. b5 Ne7 12. Nf3 h6 13. Be3 Be4 14. Nd2 Bh7 15. Nb3 b6 16. Be2 Nf5 17. Bf2 g5 18. g4 Ne7 19. fxg5 hxg5 20. Bg3 Ng6 21. exd6 Kd7 22. O-O Nf4 23. Bxf4 gxf4 24. Rxf4 Bg6 25. Nc5+ bxc5 26. dxc5 Bh6 27. Rf3 Bg5 28. b6 a6 29. Rxa6 Rxa6 30. Bxa6 Be4 31. Bb5+ Kc8 32. d7+ Kb8 33. c6 Bxf3 34. c7+ Kb7 35. Ba6+ Kxb6 36. c8=Q Be3+ 37. Kf1 Rxh2 38. d8=Q+ Ka7 39. Qb7# 1-0


[Site "https://www.chess.com"]

[Event "Titled Tuesday Blitz June 27 Late 2023"]
[White "Weishaeutel, Moritz"]
[Black "liwadas82"]
[WhiteFideId "12967300"]
[WhiteElo "2620"]
[BlackElo "2438"]
[Result "0-1"]
[Round "8"]
[TimeControl "180+2"]
[Date "2023.06.27"]
[WhiteClock "0:00:16"]
[BlackClock "0:01:16"]
[Board "82"]

1. e4 e5 2. Nf3 Nc6 3. c3 Nf6 4. d4 exd4 5. e5 Nd5 6. Qb3 Nb6 7. cxd4 d5 8. Bb5 Bd7 9. O-O Be7 10. Nc3 a6 11. Bd3 Bg4 12. Be3 Bxf3 13. gxf3 Qd7 14. Kh1 O-O-O 15. Rg1 g6 16. Na4 Nxa4 17. Qxa4 Nxe5 18. Qxd7+ Nxd7 19. Rac1 Bd6 20. Rc2 Rde8 21. Rgc1 Kb8 22. Rc3 f5 23. Rb3 Ka7 24. Rbc3 c6 25. R3c2 Re6 26. Bd2 Rhe8 27. Kg2 Nf6 28. Bg5 Nh5 29. a3 Bf4 30. Bxf4 Nxf4+ 0-1


[Site "https://www.chess.com"]

[Event "Titled Tuesday Blitz June 27 Late 2023"]
[White "JERO-8914"]
[Black "reevecanada"]
[WhiteElo "2432"]
[BlackElo "2614"]
[Result "1-0"]
[Round "8"]
[TimeControl "180+2"]
[Date "2023.06.27"]
[WhiteClock "0:00:19"]
[BlackClock "0:00:09"]
[Board "83"]

1. e4 b5 2. Bxb5 Bb7 3. Nc3 e6 4. Nf3 a6 5. Ba4 c5 6. O-O Nc6 7. d3 Nge7 8. d4 cxd4 9. Nxd4 g6 10. Nxc6 Nxc6 11. Be3 Bg7 12. Qd6 Be5 13. Qa3 Qc7 14. f4 Bd6 15. Bc5 Bxf4 16. Nd5 Bxh2+ 17. Kh1 exd5 18. exd5 Qg3 19. Rf3 Qc7 20. dxc6 dxc6 21. Re1+ Be5 22. Bd6 Qd7 23. Rxe5+ Kd8 24. Re7 Qg4 25. Rfxf7 Re8 26. Rxe8+ Kxe8 27. Rf8+ Kd7 28. Rf7+ Kc8 29. Qh3 Qxh3+ 30. gxh3 c5+ 31. Kh2 Bd5 32. Rc7+ Kd8 33. Rxh7 Kc8 34. Bd7+ Kd8 35. Bg4 Ke8 36. Rh8+ Kf7 37. Rxa8 Bxa8 38. Bxc5 Bd5 39. Ba3 Be4 40. c3 Bb1 41. Be2 Bxa2 42. Bxa6 Bb3 43. Be2 Ke6 44. Bg4+ Kd5 45. Kg3 Ke4 46. h4 Kd3 47. h5 gxh5 48. Bxh5 Kc2 49. Bg4 Bc4 50. Kf4 Kb3 51. Bf5 Ka4 52. Ke3 Kb3 53. Kd4 Bf7 54. Bd3 Be6 55. Be4 Ka4 56. Bd5 Bd7 57. Bc5 Kb5 58. b3 Ka5 59. Bc4 Bc6 60. Ke5 Be4 61. Kd6 Bc2 62. Kc7 Bxb3 63. Bxb3 Kb5 64. Bb4 Ka6 65. Bc4+ Ka7 66. Bc5+ Ka8 67. Bd5# 1-0


[Site "https://www.chess.com"]

[Event "Titled Tuesday Blitz June 27 Late 2023"]
[White "Adewumi, Tanitoluwa"]
[Black "Gulamali, Kazim"]
[WhiteFideId "30966396"]
[BlackFideId "2024764"]
[WhiteElo "2603"]
[BlackElo "2430"]
[Result "0-1"]
[Round "8"]
[TimeControl "180+2"]
[Date "2023.06.27"]
[WhiteClock "0:00:00"]
[BlackClock "0:00:05"]
[Board "84"]

1. e4 e5 2. Nf3 Nc6 3. Nc3 g6 4. d4 exd4 5. Nxd4 Bg7 6. Be3 Nge7 7. Nxc6 bxc6 8. f4 Rb8 9. Bxa7 Rxb2 10. Bd4 O-O 11. Bxg7 Kxg7 12. Qd4+ f6 13. Bd3 d6 14. O-O c5 15. Qe3 Bb7 16. Rab1 Rxb1 17. Rxb1 Ba8 18. e5 fxe5 19. fxe5 Nf5 20. Bxf5 Rxf5 21. exd6 cxd6 22. Re1 Re5 23. Qd2 Rxe1+ 24. Qxe1 Qf6 25. Qd2 Qe5 26. h3 d5 27. Ne2 d4 28. Nf4 c4 29. Ne2 d3 30. cxd3 Qa1+ 31. Qc1 Qxa2 32. Qc3+ Kh6 33. Nf4 Qb1+ 34. Kh2 cxd3 0-1


[Site "https://www.chess.com"]

[Event "Titled Tuesday Blitz June 27 Late 2023"]
[White "Zeynalli, Rashad"]
[Black "Ai, Evan"]
[WhiteFideId "13403320"]
[BlackFideId "2094770"]
[WhiteElo "2592"]
[BlackElo "2429"]
[Result "1-0"]
[Round "8"]
[TimeControl "180+2"]
[Date "2023.06.27"]
[WhiteClock "0:01:30"]
[BlackClock "0:00:01"]
[Board "85"]

1. e4 e5 2. Nf3 Nc6 3. Bc4 Nf6 4. Ng5 d5 5. exd5 Na5 6. Bb5+ c6 7. dxc6 bxc6 8. Bd3 h6 9. Ne4 Nd5 10. O-O Be7 11. Re1 O-O 12. Ng3 Qc7 13. Bf5 Bxf5 14. Nxf5 Bf6 15. d3 Rad8 16. Nd2 Qd7 17. Qg4 Kh7 18. Ne4 g6 19. Nxh6 Qxg4 20. Nxg4 Bg7 21. Nc5 Nb4 22. Bd2 Nxc2 23. Bxa5 Nxa1 24. Rxa1 Rd5 25. b4 e4 26. Rd1 exd3 27. Rxd3 Rxd3 28. Nxd3 Re8 29. Kf1 f5 30. Ne3 Bd4 31. Nc4 Re6 32. Bc7 Bc3 33. a3 Re4 34. Nd6 Rd4 35. Ke2 g5 36. Bb8 f4 37. Nf5 Rd5 38. g4 a5 39. Ne7 Rd8 40. Nxc6 Re8+ 41. Kf3 axb4 42. axb4 Re6 43. b5 Kg6 44. Nde5+ Bxe5 45. Nxe5+ Kg7 46. Bc7 Re7 47. b6 Re8 48. b7 1-0


[Site "https://www.chess.com"]

[Event "Titled Tuesday Blitz June 27 Late 2023"]
[White "lagarto93"]
[Black "Gasparyan, David"]
[BlackFideId "13311980"]
[WhiteElo "2579"]
[BlackElo "2422"]
[Result "1-0"]
[Round "8"]
[TimeControl "180+2"]
[Date "2023.06.27"]
[WhiteClock "0:01:33"]
[BlackClock "0:00:00"]
[Board "86"]

1. e4 c5 2. Nf3 e6 3. d4 cxd4 4. Nxd4 Qc7 5. Nc3 Nc6 6. Nxc6 dxc6 7. Bd3 Bd6 8. h3 Ne7 9. O-O O-O 10. Re1 e5 11. Ne2 Be6 12. Ng3 f5 13. exf5 Nxf5 14. Qg4 Nd4 15. Qe4 g6 16. c3 Nf5 17. Bc4 Rae8 18. Bxe6+ Rxe6 19. Qc4 Qf7 20. Ne4 Ng7 21. Be3 Be7 22. Rad1 b6 23. Rd7 Qe8 24. Rxa7 Kh8 25. Bxb6 Qb8 26. Be3 Qxb2 27. Rd1 Qc2 28. Rdd7 Qb1+ 29. Kh2 Re8 30. Bh6 Bf8 31. Bxg7+ Bxg7 32. Rxg7 Rf8 33. Rxh7+ 1-0


[Site "https://www.chess.com"]

[Event "Titled Tuesday Blitz June 27 Late 2023"]
[White "Przybylski, Wojciech"]
[Black "KorolDimitriy75"]
[WhiteFideId "1117599"]
[WhiteElo "2573"]
[BlackElo "2422"]
[Result "1-0"]
[Round "8"]
[TimeControl "180+2"]
[Date "2023.06.27"]
[WhiteClock "0:00:04"]
[BlackClock "0:00:00"]
[Board "87"]

1. e4 c5 2. Nf3 d6 3. d4 cxd4 4. Nxd4 Nf6 5. Nc3 g6 6. Be3 Bg7 7. h4 Nc6 8. Bc4 O-O 9. h5 Ng4 10. Nxc6 bxc6 11. Bd4 e5 12. Be3 Nxe3 13. fxe3 Qb6 14. Qd2 Qxb2 15. Rb1 Qa3 16. O-O Be6 17. Bxe6 fxe6 18. hxg6 hxg6 19. Rf3 Rxf3 20. gxf3 Rf8 21. Kg2 d5 22. Rb7 d4 23. Nd1 Qxa2 24. exd4 exd4 25. Nf2 e5 26. Qg5 Qe6 27. Ng4 Rf7 28. Rb8+ Rf8 29. Rb7 Rf7 30. Qd8+ Rf8 31. Qc7 Rf7 32. Qb8+ Rf8 33. Qxa7 Rf7 34. Qb8+ Rf8 35. Qc7 Rf7 36. Rb8+ Rf8 37. Rb6 Qc4 38. Nh2 Qe2+ 39. Kg3 Qe1+ 40. Kh3 Rf4 41. Qd8+ Kh7 42. Rb7 Rh4+ 43. Qxh4+ Qxh4+ 44. Kxh4 1-0


[Site "https://www.chess.com"]

[Event "Titled Tuesday Blitz June 27 Late 2023"]
[White "Figorito, Nick"]
[Black "Ezat, Mohamed"]
[WhiteFideId "30923689"]
[BlackFideId "10600906"]
[WhiteElo "2418"]
[BlackElo "2552"]
[Result "1/2-1/2"]
[Round "8"]
[TimeControl "180+2"]
[Date "2023.06.27"]
[WhiteClock "0:00:15"]
[BlackClock "0:00:30"]
[Board "88"]

1. Nf3 Nf6 2. g3 g6 3. Bg2 Bg7 4. O-O O-O 5. c4 c5 6. d4 d6 7. Nc3 Nc6 8. dxc5 dxc5 9. Qxd8 Rxd8 10. Be3 Be6 11. Bxc5 Bxc4 12. Rfd1 Nd5 13. Nxd5 Bxd5 14. Ba3 e6 15. Rd2 b5 16. Bc5 Rac8 17. Rad1 Bf6 18. b4 h5 19. a3 Kg7 20. h4 Bc3 21. Rd3 Bb2 22. Ng5 Bxg2 23. Kxg2 Bxa3 24. Rd7 Rxd7 25. Rxd7 Nd8 26. Rxa7 Bb2 27. Ra2 Bf6 28. Ne4 Be5 29. Ra5 Rb8 30. Bd6 Bxd6 31. Nxd6 Nc6 32. Rxb5 Rxb5 33. Nxb5 Nxb4 34. Nd4 Nd5 35. Nf3 f6 36. e3 e5 37. Nd2 Kf7 38. Ne4 Ne7 39. Kf3 Nf5 40. Kg2 Ke6 41. Kf3 Nd6 42. Nxd6 Kxd6 43. Ke4 Ke6 44. Kd3 Kf5 45. f3 e4+ 46. Ke2 exf3+ 47. Kxf3 Ke5 48. g4 hxg4+ 49. Kxg4 Ke6 50. h5 g5 51. e4 Kf7 52. e5 fxe5 53. Kxg5 Kg7 54. Kf5 Kh6 55. Ke4 Kxh5 56. Kxe5 1/2-1/2


[Site "https://www.chess.com"]

[Event "Titled Tuesday Blitz June 27 Late 2023"]
[White "Palencia Morales, Wilson Guillermo"]
[Black "Vega Gutierrez, Sabrina"]
[WhiteFideId "4401859"]
[BlackFideId "2219026"]
[WhiteElo "2550"]
[BlackElo "2407"]
[Result "1-0"]
[Round "8"]
[TimeControl "180+2"]
[Date "2023.06.27"]
[WhiteClock "0:01:09"]
[BlackClock "0:00:00"]
[Board "89"]

1. d4 d5 2. c4 e6 3. Nf3 Nf6 4. Nc3 a6 5. cxd5 exd5 6. Bg5 Be7 7. e3 h6 8. Bxf6 Bxf6 9. Qb3 c6 10. Bd3 O-O 11. O-O Qe7 12. Rfe1 Bg4 13. Nd2 b5 14. h3 Be6 15. Rac1 Nd7 16. Bb1 Nb6 17. Qc2 g6 18. e4 Bxd4 19. Ne2 Bg7 20. Qxc6 Nc4 21. Nxc4 dxc4 22. Nf4 Rfc8 23. Qb6 Bxb2 24. Rcd1 Be5 25. Nxe6 Qxe6 26. Qe3 Bg7 27. f4 Qc6 28. Kh2 Qc5 29. Qe2 c3 30. Bc2 Rd8 31. e5 Rxd1 32. Rxd1 Re8 33. Bb3 Qb4 34. g3 Re7 35. Qc2 Kh7 36. h4 Rc7 37. h5 a5 38. Bxf7 1-0


[Site "https://www.chess.com"]

[Event "Titled Tuesday Blitz June 27 Late 2023"]
[White "ElDivis"]
[Black "Szyszylo, Rafal"]
[BlackFideId "1109626"]
[WhiteElo "2545"]
[BlackElo "2404"]
[Result "0-1"]
[Round "8"]
[TimeControl "180+2"]
[Date "2023.06.27"]
[WhiteClock "0:00:07"]
[BlackClock "0:00:14"]
[Board "90"]

1. e4 d6 2. d4 Nf6 3. Nc3 g6 4. Be3 c6 5. f3 b5 6. Qd2 Nbd7 7. O-O-O Nb6 8. h4 h5 9. Nh3 b4 10. Nb1 a5 11. Ng5 Bg7 12. Bd3 Ba6 13. e5 Nfd5 14. e6 f5 15. Nf7 Qc8 16. Nxh8 Bxh8 17. Bf2 Qxe6 18. Rhe1 Qf6 19. Bxa6 Rxa6 20. Qe2 Ra7 21. Qe6 Qxe6 22. Rxe6 Kf7 23. Ree1 Nc4 24. Nd2 Nxd2 25. Kxd2 Rb7 26. g3 a4 27. Rb1 Ra7 28. c4 Nc7 29. Kd3 Ra5 30. Be3 e6 31. Bf4 Ke7 32. c5 Ne8 33. cxd6+ Nxd6 34. Bxd6+ Kxd6 35. Rbc1 Rd5 36. Rc4 c5 37. b3 axb3 38. axb3 Bxd4 39. Kc2 e5 40. Rd1 e4 41. fxe4 fxe4 42. Re1 Ke5 43. Kb1 e3 44. Rc2 Ke4 45. Ra2 Kd3 46. Rd1+ Kc3 47. Ra6 Kxb3 48. Rxg6 Rf5 49. Rd3+ Kc4 50. Rd1 Rf2 51. g4 e2 52. Rc1+ Kd3 53. gxh5 Rf1 54. Rg3+ Be3 0-1


[Site "https://www.chess.com"]

[Event "Titled Tuesday Blitz June 27 Late 2023"]
[White "Pert, Richard G"]
[Black "Lowinger, Daniel"]
[WhiteFideId "404748"]
[BlackFideId "2005557"]
[WhiteElo "2533"]
[BlackElo "2392"]
[Result "1-0"]
[Round "8"]
[TimeControl "180+2"]
[Date "2023.06.27"]
[WhiteClock "0:00:25"]
[BlackClock "0:00:00"]
[Board "91"]

1. d4 d5 2. Nc3 Nf6 3. e4 dxe4 4. f3 exf3 5. Nxf3 e6 6. Bd3 c5 7. Be3 Nc6 8. dxc5 Qa5 9. a3 Nd5 10. Bd2 Qxc5 11. Qe2 Be7 12. O-O-O O-O 13. Ne4 Qb6 14. c4 Nf6 15. Bc3 Nxe4 16. Qxe4 f5 17. Qe2 Bf6 18. Bxf6 Rxf6 19. Bc2 Qc7 20. Rhe1 Bd7 21. Kb1 Be8 22. Ng5 e5 23. c5 Bf7 24. Nxf7 Qxf7 25. Qb5 Re8 26. Bb3 Rfe6 27. Rd6 Kf8 28. Rxe6 Rxe6 29. Bxe6 Qxe6 30. Qxb7 e4 31. Rd1 Ne7 32. Qb8+ Kf7 33. Qd6 g6 34. c6 Qxd6 35. Rxd6 e3 36. Kc2 Nc8 37. Rd7+ 1-0


[Site "https://www.chess.com"]

[Event "Titled Tuesday Blitz June 27 Late 2023"]
[White "BenchGM"]
[Black "Tissir, Mohamed"]
[BlackFideId "9000240"]
[WhiteElo "2384"]
[BlackElo "2516"]
[Result "0-1"]
[Round "8"]
[TimeControl "180+2"]
[Date "2023.06.27"]
[WhiteClock "0:00:00"]
[BlackClock "0:00:08"]
[Board "92"]

1. e4 c5 2. Nf3 d6 3. d4 cxd4 4. Nxd4 Nf6 5. Nc3 a6 6. f3 e6 7. Be3 b5 8. Qd2 Bb7 9. O-O-O Nbd7 10. g4 Nb6 11. g5 Nfd7 12. f4 b4 13. Nce2 Bxe4 14. Rg1 Nc4 15. Qxb4 Nxe3 16. Nxe6 fxe6 17. Qxe4 Nxd1 18. Qxe6+ Qe7 19. Qd5 Qe3+ 20. Kb1 Nc3+ 21. Nxc3 Qxg1 22. Qxa8+ Ke7 23. Qe4+ Kd8 24. Qa8+ Ke7 25. Qe4+ Ne5 26. Qe1 Qxh2 27. fxe5 Qxe5 28. Qd2 g6 29. Nd5+ Kf7 30. Nf6 Be7 31. Bc4+ Kg7 32. a3 Bxf6 33. gxf6+ Qxf6 34. Bxa6 Rb8 35. c3 h5 36. Qe3 Rf8 37. Qa7+ Rf7 38. Qe3 Re7 39. Qg3 h4 40. Qg1 h3 41. Bc4 Qf4 42. Bd5 Qf5+ 0-1


[Site "https://www.chess.com"]

[Event "Titled Tuesday Blitz June 27 Late 2023"]
[White "Inepton_Fermion"]
[Black "Vaglio Mattey, Emanuel"]
[BlackFideId "6504167"]
[WhiteElo "2366"]
[BlackElo "2508"]
[Result "0-1"]
[Round "8"]
[TimeControl "180+2"]
[Date "2023.06.27"]
[WhiteClock "0:00:00"]
[BlackClock "0:00:17"]
[Board "93"]

1. d4 Nf6 2. Bg5 d5 3. Bxf6 exf6 4. e3 c6 5. c4 Bb4+ 6. Nc3 O-O 7. cxd5 cxd5 8. Bd3 Nc6 9. Ne2 Re8 10. O-O Be6 11. Nf4 Rc8 12. Rc1 a6 13. Na4 Bd6 14. Qf3 b5 15. Nc5 Bxc5 16. Rxc5 Ne5 17. Qe2 Rxc5 18. dxc5 Qa5 19. Qc2 g6 20. a3 b4 21. axb4 Qxb4 22. Rc1 d4 23. exd4 Qxd4 24. Nxe6 Rxe6 25. Bf1 Rc6 26. Qc3 Qxc3 27. Rxc3 a5 28. Bb5 Rc7 29. c6 g5 30. Kf1 Kf8 31. f3 Ke7 32. g3 Kd6 33. f4 Nxc6 34. fxg5 fxg5 35. Rf3 Nd4 0-1


[Site "https://www.chess.com"]

[Event "Titled Tuesday Blitz June 27 Late 2023"]
[White "Muhammed, Shuaau"]
[Black "Bilan, Danila"]
[WhiteFideId "16700406"]
[BlackFideId "24161918"]
[WhiteElo "2359"]
[BlackElo "2504"]
[Result "0-1"]
[Round "8"]
[TimeControl "180+2"]
[Date "2023.06.27"]
[WhiteClock "0:00:09"]
[BlackClock "0:00:03"]
[Board "94"]

1. e4 c6 2. Nf3 d5 3. Nc3 Bg4 4. exd5 cxd5 5. h3 Bxf3 6. Qxf3 Nf6 7. Bb5+ Nc6 8. d4 e6 9. O-O Be7 10. Ne2 O-O 11. c3 Rc8 12. Bd3 Na5 13. Nf4 Nc4 14. Nh5 Nxh5 15. Qxh5 g6 16. Qf3 b5 17. Bh6 Re8 18. Rab1 Bg5 19. Bxg5 Qxg5 20. Bxc4 Rxc4 21. a3 Rec8 22. g3 a5 23. h4 Qf5 24. Qxf5 gxf5 25. Rfd1 b4 26. cxb4 axb4 27. Rd3 Rb8 28. b3 bxa3 29. Ra1 Rc2 30. Rxa3 Rb2 31. Rc3 Rb7 32. Kg2 Kg7 33. Kf3 Kf6 34. Ke3 Rb1 35. Rd3 Rb4 36. Kd2 Rf1 37. Kc3 Rb7 38. Rd2 f4 39. gxf4 Kf5 40. Rb2 Kxf4 41. b4 Rc1+ 42. Kd3 Rc4 43. b5 Rcc7 44. Ra8 f6 45. Rf8 Kf5 46. f3 Rc1 47. Ra8 Rcc7 48. Ra6 Rc4 49. b6 Rc6 50. Rb5 Kf4 51. Ra7 Rbxb6 52. Rxb6 Rxb6 53. Rxh7 Kxf3 54. Rf7 f5 55. h5 Kf4 56. h6 Rb3+ 57. Kc2 Rh3 58. h7 Ke4 59. Re7 Kxd4 60. Kd2 e5 61. Ke2 e4 62. Kf2 f4 63. Kg2 Rh6 64. Rf7 Ke3 65. Rd7 d4 66. Re7 d3 67. Re6 d2 68. Rxh6 d1=Q 69. Rh3+ f3+ 70. Kg3 Qg1+ 71. Kh4 Kf4 72. Rxf3+ exf3 73. h8=Q Qg4# 0-1


[Site "https://www.chess.com"]

[Event "Titled Tuesday Blitz June 27 Late 2023"]
[White "Andersson, Bjorn 1971"]
[Black "Graif, William"]
[WhiteFideId "1702114"]
[BlackFideId "2609835"]
[WhiteElo "2349"]
[BlackElo "2499"]
[Result "0-1"]
[Round "8"]
[TimeControl "180+2"]
[Date "2023.06.27"]
[WhiteClock "0:00:15"]
[BlackClock "0:00:12"]
[Board "95"]

1. e4 e5 2. Nf3 Bc5 3. d4 exd4 4. Nxd4 Nf6 5. Nc3 O-O 6. Be3 Re8 7. Qd3 b6 8. O-O-O Ba6 9. Qd2 Bxf1 10. Rhxf1 Nxe4 11. Nxe4 Rxe4 12. Qd3 Re8 13. h4 Nc6 14. Nxc6 Bxe3+ 15. fxe3 dxc6 16. Qf5 Qe7 17. Rf3 Rad8 18. Rdf1 f6 19. Qf4 Qd6 20. Qc4+ Qd5 21. Qxd5+ cxd5 22. Kd2 d4 23. Ke2 Re4 24. Kd3 Rxh4 25. e4 Re8 26. Re1 c5 27. b4 Rh5 28. Re2 Rhe5 29. bxc5 bxc5 30. Kc4 Rxe4 31. Rxe4 Rxe4 32. Kxc5 Re2 33. Kxd4 Rxc2 34. Ra3 Rc7 35. Kd5 h5 36. Kd6 Rf7 37. Rb3 g5 38. a4 Kg7 39. a5 Kg6 40. a6 h4 41. Rb7 g4 42. Ke6 Rh7 43. Rb4 f5 44. Ke5 h3 45. gxh3 gxh3 46. Rb1 h2 47. Rh1 Kg5 48. Kd4 Kg4 49. Ke3 Kg3 50. Ke2 Kg2 51. Rf1 h1=Q 52. Rf2+ Kg3 0-1


[Site "https://www.chess.com"]

[Event "Titled Tuesday Blitz June 27 Late 2023"]
[White "Uzcategui Rodriguez, Alejandro"]
[Black "Skaric, Djuro"]
[WhiteFideId "3903400"]
[BlackFideId "934569"]
[WhiteElo "2480"]
[BlackElo "2344"]
[Result "1-0"]
[Round "8"]
[TimeControl "180+2"]
[Date "2023.06.27"]
[WhiteClock "0:00:29"]
[BlackClock "0:00:43"]
[Board "96"]

1. d4 d6 2. Nf3 g6 3. Bg5 Bg7 4. Nbd2 h6 5. Bh4 Nf6 6. e3 O-O 7. Bc4 Nc6 8. O-O g5 9. Bg3 Nd7 10. c3 e5 11. dxe5 Ndxe5 12. Nxe5 dxe5 13. e4 Kh8 14. Nb3 f5 15. Qxd8 Rxd8 16. exf5 Bxf5 17. Rfe1 Re8 18. Bb5 Re7 19. Nc5 Nd8 20. Bd3 Bc8 21. Rad1 Nf7 22. Ne4 b6 23. Nd2 Bb7 24. Be4 c6 25. Nc4 Rd8 26. Rxd8+ Nxd8 27. Nd6 Ba6 28. Rd1 Nf7 29. Nxf7+ Rxf7 30. Rd8+ Rf8 31. Rxf8+ Bxf8 32. Bxe5+ Kg8 33. Bxc6 Bc4 34. b3 Be6 35. c4 Bf5 36. Bd5+ Kh7 37. f3 Bc5+ 38. Kf1 Bd7 39. Be4+ Kg8 40. Bg6 a5 41. Ke2 a4 42. Kd3 a3 43. Ke4 b5 44. Kd5 Bb4 45. c5 g4 46. c6 Bc8 47. f4 Be7 48. f5 h5 49. f6 Kf8 50. Bd6 Bxd6 51. Kxd6 h4 52. g3 hxg3 53. hxg3 b4 54. c7 Kg8 55. Ke7 1-0


[Site "https://www.chess.com"]

[Event "Titled Tuesday Blitz June 27 Late 2023"]
[White "Shapiro, Daniel"]
[Black "Zavortink, Matt"]
[WhiteFideId "2001780"]
[BlackFideId "2034263"]
[WhiteElo "2343"]
[BlackElo "2473"]
[Result "0-1"]
[Round "8"]
[TimeControl "180+2"]
[Date "2023.06.27"]
[WhiteClock "0:00:36"]
[BlackClock "0:00:53"]
[Board "97"]

1. d4 Nf6 2. c4 g6 3. Nc3 Bg7 4. e4 d6 5. Be2 O-O 6. Nf3 e5 7. O-O exd4 8. Nxd4 Re8 9. f3 Nc6 10. Nc2 Nh5 11. Be3 Be5 12. Qe1 f5 13. f4 Bg7 14. Bxh5 gxh5 15. Qg3 h4 16. Qf3 fxe4 17. Nxe4 Bf5 18. Nxd6 Qxd6 19. Rf2 Bxc2 20. Rxc2 Rxe3 0-1


[Site "https://www.chess.com"]

[Event "Titled Tuesday Blitz June 27 Late 2023"]
[White "Urbina Perez, Juan Antonio"]
[Black "Fajdetic, Hrvoje"]
[WhiteFideId "2217368"]
[BlackFideId "14501945"]
[WhiteElo "2466"]
[BlackElo "2338"]
[Result "0-1"]
[Round "8"]
[TimeControl "180+2"]
[Date "2023.06.27"]
[WhiteClock "0:00:52"]
[BlackClock "0:00:14"]
[Board "98"]

1. e4 c5 2. Nf3 a6 3. g3 g6 4. Bg2 Bg7 5. O-O Nc6 6. c3 e5 7. Qe2 Nge7 8. Rd1 O-O 9. Na3 d5 10. exd5 Nxd5 11. d3 b5 12. Be3 Nxe3 13. Qxe3 Qd6 14. Nc2 Bb7 15. d4 exd4 16. cxd4 c4 17. Ne5 Rae8 18. Qa3 Qxa3 19. Nxa3 Nxd4 20. Nd7 Ne2+ 21. Kf1 Bxg2+ 22. Kxg2 Bxb2 23. Nxf8 Kxf8 24. Nc2 Nc3 25. Rab1 Nxd1 26. Rxd1 Ke7 27. Nb4 c3 28. Kf3 a5 29. Nd5+ Kf8 30. Ne3 Rxe3+ 31. Kxe3 c2 32. Rd8+ Ke7 33. Rc8 c1=Q+ 34. Rxc1 Bxc1+ 35. Kd4 Kd6 36. Kc3 Bg5 37. Kd3 Kc5 38. f4 Be7 39. Ke4 Bd6 40. f5 a4 41. fxg6 fxg6 42. Kf3 b4 43. Kg4 b3 44. Kg5 Bf8 45. axb3 axb3 46. Kf6 b2 47. Kf7 Bd6 48. Kg8 b1=Q 49. Kxh7 Bxg3 50. hxg3 Qf5 51. Kh6 Qh5+ 52. Kg7 Qg4 53. Kh6 Qxg3 54. Kh7 g5 55. Kh6 g4 56. Kh5 Qf3 57. Kh4 g3 58. Kh3 g2+ 59. Kh4 Qf1 0-1


[Site "https://www.chess.com"]

[Event "Titled Tuesday Blitz June 27 Late 2023"]
[White "marik_spb"]
[Black "Ward, Ieuan C"]
[BlackFideId "406627"]
[WhiteElo "2463"]
[BlackElo "2292"]
[Result "1-0"]
[Round "8"]
[TimeControl "180+2"]
[Date "2023.06.27"]
[WhiteClock "0:00:14"]
[BlackClock "0:00:10"]
[Board "99"]

1. d4 Nf6 2. c4 e6 3. Nf3 b6 4. g3 Bb7 5. Bg2 Be7 6. O-O O-O 7. Nc3 Ne4 8. Qc2 Nxc3 9. bxc3 f5 10. Bf4 d6 11. h4 Nd7 12. d5 e5 13. Bg5 h6 14. Bxe7 Qxe7 15. Bh3 Qf6 16. Nd2 Nc5 17. Rae1 Ba6 18. e3 Rae8 19. f4 e4 20. Rb1 Kh8 21. Rf2 Re7 22. Bf1 Qg6 23. Rg2 Qe8 24. Nb3 Nxb3 25. axb3 Bb7 26. Ra1 a5 27. Qd2 Qh5 28. Be2 Qf7 29. Qd4 Qf6 30. Qxf6 Rxf6 31. Kh2 g6 32. Bd1 Rh7 33. b4 axb4 34. cxb4 Rf8 35. Ra7 Rb8 36. Ba4 g5 37. Ra2 gxh4 38. gxh4 Rg7 39. Bc6 Bxc6 40. dxc6 b5 41. Ra8 Rgg8 42. Rxb8 Rxb8 43. cxb5 Rxb5 44. Ra7 Rxb4 45. Rxc7 Rc4 46. Kg3 d5 47. Kf2 Rc2+ 48. Ke1 Kg8 49. h5 Rc5 50. Rd7 Rxc6 51. Rxd5 Rc3 52. Kd2 Rc2+ 53. Kxc2 Kf7 54. Rxf5+ Ke6 55. Re5+ Kd6 56. Rxe4 Kd5 57. Re5+ Kd6 58. Kd3 Kd7 59. Kd4 Kd8 60. Ke4 Kd7 61. Kf5 Kc6 62. Kg6 Kd6 63. Kxh6 Kd7 64. Kg5 Kd6 65. h6 Kd7 66. h7 Kd6 67. h8=Q Kd7 68. Qf6 1-0


[Site "https://www.chess.com"]

[Event "Titled Tuesday Blitz June 27 Late 2023"]
[White "Sanchez, Robert"]
[Black "Luong Phuong Hanh"]
[WhiteFideId "2034360"]
[BlackFideId "12401013"]
[WhiteElo "2131"]
[BlackElo "2453"]
[Result "0-1"]
[Round "8"]
[TimeControl "180+2"]
[Date "2023.06.27"]
[WhiteClock "0:01:10"]
[BlackClock "0:00:59"]
[Board "100"]

1. Nf3 Nf6 2. d4 g6 3. c4 Bg7 4. Nc3 d5 5. h4 h6 6. cxd5 Nxd5 7. h5 g5 8. e4 Nxc3 9. bxc3 c5 10. e5 cxd4 11. cxd4 O-O 12. Bd3 Nc6 13. Be3 Bg4 14. Bc2 Qa5+ 15. Kf1 Nb4 16. Bb1 Rfd8 17. a3 Nd5 18. Qd3 Qa6 19. Qxa6 bxa6 20. Be4 Rab8 21. Nd2 Nxe3+ 22. fxe3 Bxe5 23. Nc4 Bxd4 24. exd4 Rxd4 25. Na5 Rxe4 26. Nc6 Rb2 27. Re1 Rxe1+ 0-1


[Site "https://www.chess.com"]

[Event "Titled Tuesday Blitz June 27 Late 2023"]
[White "Kornyukov, Alexey"]
[Black "Bruedigam, Martin"]
[WhiteFideId "4150457"]
[BlackFideId "24608033"]
[WhiteElo "2246"]
[BlackElo "2515"]
[Result "0-1"]
[Round "8"]
[TimeControl "180+2"]
[Date "2023.06.27"]
[WhiteClock "0:00:00"]
[BlackClock "0:01:28"]
[Board "101"]

1. d4 Nf6 2. c4 g6 3. f3 d6 4. e4 e6 5. Nc3 Bg7 6. Bg5 h6 7. Be3 b6 8. Qd2 Bb7 9. Nh3 Nbd7 10. Nf2 Qe7 11. Be2 a6 12. O-O g5 13. Nd3 c5 14. d5 Nh5 15. a3 Bd4 16. f4 Ng7 17. Bf3 e5 18. f5 Nf6 19. Bxd4 cxd4 20. Na4 Qc7 21. b4 g4 22. c5 bxc5 23. bxc5 gxf3 24. c6 Nxe4 0-1


[Site "https://www.chess.com"]

[Event "Titled Tuesday Blitz June 27 Late 2023"]
[White "MAHanif"]
[Black "Peycheva, Gergana"]
[BlackFideId "2916711"]
[WhiteElo "2326"]
[BlackElo "2508"]
[Result "0-1"]
[Round "8"]
[TimeControl "180+2"]
[Date "2023.06.27"]
[WhiteClock "0:00:13"]
[BlackClock "0:00:18"]
[Board "102"]

1. Nf3 d5 2. g3 Nf6 3. Bg2 e6 4. O-O Be7 5. d3 O-O 6. Nbd2 c5 7. c4 b6 8. a3 Bb7 9. Rb1 dxc4 10. Nxc4 Nbd7 11. Qc2 Rc8 12. Bf4 Nd5 13. Bd6 N7f6 14. Bxe7 Qxe7 15. Rbc1 b5 16. Nce5 a6 17. Qd2 Nd7 18. Nxd7 Qxd7 19. Ne5 Qd6 20. Bxd5 Qxd5 21. Nf3 Rfd8 22. Qg5 Qb3 23. Rxc5 Qxb2 24. Qe7 Bxf3 25. exf3 Qf6 26. Qxf6 gxf6 27. Rxc8 Rxc8 28. a4 b4 29. a5 Rc3 30. Rb1 b3 31. Kf1 Rxd3 32. Rc1 Rxf3 33. Rc6 Rf5 34. Rb6 Rb5 35. Rxb5 axb5 0-1


[Site "https://www.chess.com"]